 Dungeon Crawl Stone Soup version 0.23-a0-584-g44dd78f (webtiles) character file.

345 Firecrotchwizard the Ruffian (level 6, -2/52 (55) HPs)
             Began as a Ghoul Fighter on Dec 18, 2018.
             Was an Initiate of Makhleb.
             Slain by Eustachio
             ... wielding a +0 rapier
              (3 damage)
             ... on level 4 of the Dungeon.
             The game lasted 00:08:26 (3197 turns).

Firecrotchwizard the Ruffian (Ghoul Fighter)        Turns: 3197, Time: 00:08:26

HP:   -2/52 (55)    AC:  6    Str: 30      XL:     6   Next: 58%
MP:   5/5           EV: 10    Int:  5      God:    Makhleb [......]
Gold: 198           SH:  3    Dex:  3 (8)  Spells: 5/5 levels left

rFire    . . .     SeeInvis .     - Unarmed
rCold    + . .     Gourm    .   x - +0 buckler
rNeg     + + +     Faith    .   a - +0 scale mail
rPois    ∞         Spirit   .   (no helmet)
rElec    .         Reflect  .   (no cloak)
rCorr    .         Harm     .   (no gloves)
MR       .....                  (no boots)
Stlth    ..........             (no amulet)
HPRegen  0.00/turn              o - ring of wizardry {Wiz+, !d}
MPRegen  0.09/turn              w - +5 ring of strength

@: mighty, rotting
A: rotting body, claws 1, carnivore, cold resistance 1, negative energy
resistance 3, inhibited regeneration, torment resistance, unbreathing
a: Renounce Religion


You were on level 4 of the Dungeon.
You worshipped Makhleb.
Makhleb was noncommittal.
You were not hungry.

You visited 1 branch of the dungeon, and saw 5 of its levels.

You collected 198 gold pieces.

Inventory:

Hand Weapons
 e - a +0 whip
   (You took it off a kobold on level 1 of the Dungeon)
 f - a +0 dagger
   (You took it off a goblin on level 1 of the Dungeon)
Armour
 a - a +0 scale mail (worn)
 b - a +0 shield
 x - a +0 buckler (worn)
   (You found it on level 3 of the Dungeon)
 y - a +0 helmet
   (You took it off Robin on level 4 of the Dungeon)
Jewellery
 o - a ring of wizardry (left claw) {Wiz+, !d}
   (You found it on level 2 of the Dungeon)
 w - a +5 ring of strength (right claw)
   (You found it on level 3 of the Dungeon)
Scrolls
 h - 4 scrolls of teleportation {unknown}
 i - a scroll of random uselessness {unknown}
 j - 4 scrolls of identify {unknown}
 k - 2 scrolls of amnesia {unknown}
 m - 3 scrolls of remove curse {unknown}
 q - a scroll of blinking {unknown}
 u - a scroll of magic mapping {unknown}
 v - a scroll of fear {unknown}
Potions
 l - a potion of ambrosia {unknown}
 n - 2 potions of curing {unknown}
 p - a potion of haste {unknown}
 r - 3 potions of degeneration {unknown}
 s - 2 potions of brilliance {unknown}
 t - a potion of lignification {unknown}
Comestibles
 d - 7 rations


   Skills:
 + Level 4.8 Fighting
 - Level 2.6 Armour
 - Level 4.0 Shields
 * Level 5.4 Unarmed Combat
 + Level 0.1 Invocations


You had 5 spell levels left.
You didn't know any spells.
Your spell library contained the following spells:

 Spells                   Type           Power        Failure   Level  Hunger
 Magic Dart               Conj           #...         38%         1    ##.....
 Blink                    Tloc           N/A          52%         2    ###....
 Call Imp                 Summ           #.......     52%         2    ###....
 Slow                     Hex            #.......     52%         2    ###....
 Conjure Flame            Conj/Fire      #.......     75%         3    ####...
 Mephitic Cloud           Conj/Pois/Air  #.......     75%         3    ####...


Dungeon Overview and Level Annotations

Branches:
Dungeon (5/15)
 Temple: D:4-7

Altars:
Makhleb
Okawaru
Qazlal
Wu Jian

Shops:
D:4 :

Annotations:
D:3 3 runed doors, porpoise's ghost, amateur GnWn
D:4 Eustachio


Innate Abilities, Weirdness & Mutations

Your body is rotting away.
You thrive on raw meat.
You are immune to poison.
You have sharp fingernails.
You are carnivorous and can eat meat at any time.
Your flesh is cold resistant. (rC+)
You are immune to negative energy. (rN+++)
You do not regenerate when monsters are visible.
You are immune to unholy pain and torment.
You can survive without breathing.


Message History

The quasit bites you but does no damage.
The quasit claws you.
You feel clumsy. The quasit claws you. The shadow imp hits you.
The quasit completely misses you.
The quasit claws you but does no damage.
The quasit barely misses you.
You take 5 damage, and have 30/52 hp.
You feel very mighty all of a sudden.
Eustachio casts a spell.
The shadow imp barely misses you. The quasit barely misses you. x3
You miss the quasit. The shadow imp hits you. The quasit barely misses you.
The quasit claws you but does no damage.
The quasit barely misses you.
You take 2 damage, and have 28/52 hp.
You closely miss the quasit. You block the rat's attack.
The quasit bites you but does no damage.
The quasit barely misses you.
The quasit claws you but does no damage.
Eustachio mumbles some strange words.
Eustachio blinks!
The shadow imp hits you.
You take 2 damage, and have 26/52 hp.
You closely miss the quasit. You block the quasit's attack.
The quasit claws you but does no damage.
The quasit closely misses you. The rat bites you but does no damage.
The shadow imp hits you but does no damage.
You completely miss the quasit. The quasit bites you.
You feel clumsy.
The quasit claws you but does no damage.
The quasit barely misses you. The rat barely misses you.
The shadow imp hits you.
The quasit bites you but does no damage.
The quasit closely misses you.
The quasit claws you but does no damage.
You take 6 damage, and have 20/52 hp.
You scratch the quasit but do no damage.
You block the rat's attack.
Eustachio casts a spell.
Eustachio blinks!
The quasit closely misses you. x2
The quasit claws you but does no damage.
The shadow imp summons a swarm of flies.
The shadow imp hits you but does no damage.
You miss the quasit. You block the quasit's attack.
The quasit barely misses you.
The quasit claws you but does no damage.
The rat bites you but does no damage.
The shadow imp hits you but does no damage.
You miss the quasit.
The crimson imp blinks!
The quasit bites you. The quasit claws you.
The quasit claws you but does no damage.
The rat bites you but does no damage.
You take 2 damage, and have 18/52 hp.
You miss the quasit. You block the shadow imp's attack.
The quasit closely misses you. The quasit barely misses you.
The quasit claws you but does no damage.
The rat barely misses you.
You claw the quasit!
You kill the quasit!
The shadow imp hits you but does no damage.
The crimson imp blinks!
The rat barely misses you. The river rat closely misses you.
The quokka bites you.
* * * LOW HITPOINT WARNING * * *
The crimson imp grins evilly.
The rat bites you but does no damage.
You take 3 damage, and have 15/52 hp.
You closely miss the quokka. The quokka barely misses you.
The river rat bites you.
* * * LOW HITPOINT WARNING * * *
The shadow imp hits you.
* * * LOW HITPOINT WARNING * * *
The crimson imp blinks!
Eustachio mumbles some strange words.
You block the rat's attack.
You take 3 damage, and have 12/52 hp.
You claw the quokka!
You kill the quokka!
The quokka's corpse disappears in a puff of smoke!
The river rat barely misses you. The shadow imp hits you.
* * * LOW HITPOINT WARNING * * *
You take 4 damage, and have 8/52 hp.
The shadow imp disappears in a puff of smoke!
The crimson imp disappears in a puff of smoke!
Eustachio closely misses you. You block the river rat's attack.
The quasit closely misses you. The quasit barely misses you.
You block the quasit's attack.
You closely miss Eustachio.
The crimson imp blinks!
Eustachio yells, "Perjured traitor, DIE!"
Eustachio hits you but does no damage. You block the rat's attack.
The river rat bites you.
* * * LOW HITPOINT WARNING * * *
The quasit bites you but does no damage.
The quasit claws you but does no damage.
The quasit claws you.
* * * LOW HITPOINT WARNING * * *
You take 7 damage, and have 1/52 hp.
You scratch Eustachio. The quasit closely misses you.
The quasit claws you but does no damage.
The quasit barely misses you. The crimson imp barely misses you.
The rat barely misses you. Eustachio hits you with a +0 rapier.
You die...

.###.#...##...##...
..........
####.##.###.......##
##... # #..#..#
.........##...
#.##.##.............#
#.##..............>##
#.##..#.............##
#.#...... ####.......#
##...# #..####r5>....#
#..### #....r@@.....#
##..# ###(.##5§...##
...## #.##.......#
.#.# ... ........#
.#.# #.##≈.≈.......#
.#.# ...#≈≈.≈≈.....##
...####..# ≈≈∩≈≈....##
#..#....# #≈≈ .####
.....#


You could see Eustachio, a quasit, a crimson imp, a river rat and a rat.

Vanquished Creatures
  A phantom (D:4)
  A scorpion (D:3)
  A hound (D:4)
  A jelly (D:3)
  Robin (D:4)
  A gnoll (D:1)
  6 adders
  An ooze (D:1)
  3 leopard geckos
  An orc (D:3)
  7 bats
  4 giant cockroaches
  11 hobgoblins
  8 kobolds
  9 frilled lizards
  15 goblins
  A leopard gecko skeleton (D:4)
  4 rats
76 creatures vanquished.

Notes
Turn   | Place    | Note
-------+----------+-------------------------------------------
     0 | D:1      | Firecrotchwizard the Ghoul Fighter began the quest for the
                  | Orb.
     0 | D:1      | Reached XP level 1. HP: 19/19 MP: 0/0
   117 | D:1      | Reached XP level 2. HP: 25/26 MP: 1/1
   203 | D:1      | Reached skill level 3 in Unarmed Combat
   229 | D:1      | Reached XP level 3. HP: 31/31 MP: 2/2
   246 | D:1      | Reached skill level 3 in Shields
   843 | D:2      | Reached XP level 4. HP: 35/40 MP: 3/3
  1154 | D:2      | Reached skill level 4 in Fighting
  1154 | D:2      | Reached skill level 4 in Unarmed Combat
  1402 | D:2      | Found a burning altar of Makhleb.
  1402 | D:2      | Found a stormy altar of Qazlal.
  1409 | D:2      | Became a worshipper of Makhleb the Destroyer
  1640 | D:3      | meem: I am meem, an upgrade of beem built by MalcolmRose
                  | (check out Malcolm's DCSS vids and other projects at
                  | http://youtube.com/malcolmrosegaming). To have me follow
                  | you in your games, type !subscribemeem - to make me go away
                  | forever, type !quitmeem - For help, type: !meem
  1834 | D:3      | Found a runed gate.
  1834 | D:3      | Found a runed gate.
  1841 | D:3      | Found a runed gate.
  1842 | D:3      | Noticed porpoise's ghost (amateur GnWn)
  1863 | D:3      | Found an iron altar of Okawaru.
  2050 | D:4      | Reached XP level 5. HP: 39/46 MP: 4/4
  2087 | D:4      | Noticed Robin
  2114 | D:4      | Noticed a phantom
  2458 | D:4      | Noticed Eustachio
  2463 | D:4      | Reached skill level 5 in Unarmed Combat
  2463 | D:4      | Reached XP level 6. HP: 48/53 MP: 5/5
  2477 | D:4      | HP: 12/53 [Eustachio/+0 rapier (6)]
  2865 | D:4      | Found an ornate altar of the Wu Jian Council.
  2968 | D:4      | Killed a phantom
  2968 | D:4      | Reached skill level 4 in Shields
  3061 | D:4      | Killed Robin
  3100 | D:5      | Entered Level 5 of the Dungeon
  3162 | D:4      | Found Corug's Book Shop.
  3193 | D:4      | HP: 13/52 [river rat[Eustachio] (2)]
  3196 | D:4      | HP: 2/52 [river rat[Eustachio] (6)]
  3197 | D:4      | Slain by Eustachio

Vault maps used:
D:1:      lemuel_arrival_tunnels
D:2:      gammafunk_temple_overflow_statue
D:3:      lemuel_crystal_altar, first_ration, gammafunk_ghost_necromancy,
          serial_park_tiny_2
D:4:      overflow_temple_1_default, serial_shops, nicolae_shop_waterfront,
          portal_sewer_entry_f, trog_three_pillars_becter, uniq_eustachio,
          uniq_robin
D:5:      nemelex_xobeh_ov_fountains_minmay, kennysheep_little_box,
          minmay_temple_entry_waves, chequers_serial_rivers_room_b,
          lemuel_tele_altar, uniq_grinder, uniq_pikel

Skill      XL: |  1  2  3  4  5  6 |
---------------+-------------------+-----
Unarmed Combat | 3 4 5 |  5.4
Shields        | 3 4 |  4.0
Fighting       | 4 |  4.8
Armour         | |  2.6
Invocations    | |  0.1

Action                   |  1- 3 |  4- 6 || total
-------------------------+-------+-------++-------
Melee: Unarmed           |    98 |   234 ||   332
Throw: Throwing net      |       |     1 ||     1
  Use: Potion            |       |     1 ||     1
  Eat: Chunk             |     5 |    14 ||    19
       Ration            |       |     2 ||     2
Armor: Scale mail        |    43 |   165 ||   208
Dodge: Dodged            |    19 |   188 ||   207
Block: Shield            |    32 |    30 ||    62
       Buckler           |       |    53 ||    53

Table legend:
 A = Non-vault XP
 B = Vault XP
 C = Vault XP percentage of total XP
 D = Non-vault monster count
 E = Vault monster count
 F = Vault count percentage of total count
                 A         B        C        D         E       F
            +---------+---------+-------+---------+---------+-------
      Total |     446 |      48 |   9.7 |      59 |      17 |  22.4
            +---------+---------+-------+---------+---------+-------
        D:1 |      63 |       0 |   0.0 |      27 |       0 |   0.0
        D:2 |      88 |       0 |   0.0 |      20 |       0 |   0.0
        D:3 |     119 |      16 |  11.9 |       6 |       8 |  57.1
        D:4 |     176 |      32 |  15.4 |       6 |       9 |  60.0
            +---------+---------+-------+---------+---------+-------

Vault maps used:
D:1:      lemuel_arrival_tunnels
D:2:      gammafunk_temple_overflow_statue
D:3:      lemuel_crystal_altar, first_ration, gammafunk_ghost_necromancy,
          serial_park_tiny_2
D:4:      overflow_temple_1_default, serial_shops, nicolae_shop_waterfront,
          portal_sewer_entry_f, trog_three_pillars_becter, uniq_eustachio,
          uniq_robin
D:5:      nemelex_xobeh_ov_fountains_minmay, kennysheep_little_box,
          minmay_temple_entry_waves, chequers_serial_rivers_room_b,
          lemuel_tele_altar, uniq_grinder, uniq_pikel

Table legend:
 A = Turns spent in this place as a percentage of turns spent in the entire game.
 B = Non-inter-level travel turns spent in this place as a percentage of non-inter-level travel turns spent in the entire game.
 C = Inter-level travel turns spent in this place as a percentage of turns spent in this place.
 D = Turns resting spent in this place as a percentage of non-inter-level travel turns spent in this place.
 E = Turns spent auto-exploring this place as a percentage of non-inter-level travel turns spent in this place.
 F = Non-inter-level travel turns spent in this place divided by the number of levels of this place that you've seen.
                   A       B       C       D       E      F
               +-------+-------+-------+-------+-------+----------------------
         Total | 100.0 | 100.0 |   5.1 |  19.6 |  56.1 | 606.8
       Dungeon | 100.0 | 100.0 |   5.1 |  19.6 |  56.1 | 606.8
               +-------+-------+-------+-------+-------+----------------------

Table legend:
 A = Kills in this place as a percentage of kills in entire the game.
 B = Kills by you in this place as a percentage of kills by you in the entire game.
 C = Kills by friends in this place as a percentage of kills by friends in the entire game.
 D = Other kills in this place as a percentage of other kills in the entire game.
 E = Experience gained in this place as a percentage of experience gained in the entire game.
 F = Experience gained in this place divided by the number of levels of this place that you have seen.
                   A       B       C       D       E      F
               +-------+-------+-------+-------+-------+----------------------
         Total | 100.0 | 100.0 |   N/A |   N/A | 100.0 |  98.8
       Dungeon | 100.0 | 100.0 |   N/A |   N/A | 100.0 |  98.8
               +-------+-------+-------+-------+-------+----------------------
